 Dungeon Crawl Stone Soup version 0.29-a0-22-gbf593b16ee (webtiles) character file.

Game seed: 14833487121636409412

2 Orangeyouglad the Vexing (level 1, 4/13 HPs)
             Began as a Vampire Enchanter on Jan 29, 2022.
             Was a Believer of Lugonu.
             Safely got out of the dungeon.
             The game lasted 00:01:21 (212 turns).

Orangeyouglad the Vexing (Vampire Enchanter)         Turns: 212, Time: 00:01:21

Health: 4/13       AC:  2    Str:  7    XL:     1   Next: 25%
Magic:  3/3        EV: 12    Int: 17    God:    Lugonu [**....]
Gold:   48         SH:  0    Dex: 14    Spells: 4/4 levels left

rFire   . . .      SeeInvis +   a - +1 dagger
rCold   . . .      Faith    .   (no shield)
rNeg    . . .      Spirit   .   b - +0 robe
rPois   .          Reflect  .   (no helmet)
rElec   .          Harm     .   (no cloak)
rCorr   .          Rampage  .   (no gloves)
Will    .....                   (no boots)
Stlth   +++.......              (no amulet)
HPRegen 0.24/turn               (no ring)
MPRegen 0.08/turn               (no ring)

@: healing quickly
A: alive, fangs 3, see invisible, vampiric 1
a: Exsanguinate, Renounce Religion, Depart the Abyss, Bend Space


You escaped.
You worshipped Lugonu.
Lugonu was pleased with you.
You visited 1 branch of the dungeon, and saw 1 of its levels.

You collected 48 gold pieces.

Inventory:

Hand Weapons
 a - a +1 dagger (weapon)
Armour
 b - a +0 robe (worn)
Scrolls
 e - a scroll of teleportation {unknown}
Potions
 c - a potion of invisibility
 d - a potion of magic {unknown}


   Skills:
 + Level 1.1 Short Blades
 + Level 2.2 Dodging
 + Level 4.4 Stealth
 + Level 2.0 Spellcasting
 + Level 4.4 Hexes


You had 4 spell levels left.
You didn't know any spells.
Your spell library contained the following spells:

 Spells                   Type           Power      Damage    Failure   Level
 Confusing Touch          Hex            16%        N/A       10%         3
 Tukima's Dance           Hex            16%        N/A       10%         3
 Ensorcelled Hibernation  Hex/Ice        18%        N/A       12%         2
 Dazzling Flash           Conj/Hex       18%        N/A       24%         3
 Sublimation of Blood     Necr           1%         N/A       28%         2
 Wereblood                Tmut           1%         N/A       28%         2
 Summon Hydra             Summ           0%         N/A       100%        7


Dungeon Overview and Level Annotations

Branches:
Dungeon (1/15)

Altars:
Lugonu


Innate Abilities, Weirdness & Mutations

Your natural rate of healing is accelerated.
You have razor-sharp teeth.
You have supernaturally acute eyesight. (SInv)
You are afflicted with vampirism.


Message History

The ball python constricts you.
You escape the ball python's grasp.
The kobold throws a stone.
The stone barely misses you. The kobold misses you. The ball python bites you.
The ball python closely misses you. x2
The ball python barely misses you.
You see here 17 arrows.
You open the door. The ball python bites you.
The ball python barely misses you. The ball python barely misses you.
The ball python grabs you. The ball python constricts you.
The kobold throws a stone.
The stone barely misses you. The gnoll barely misses you.
The ball python loses its grip on you.
There is an open door here.
There is a staircase leading out of the dungeon here.
There is an open door here.
You hit the ball python.
You kill the ball python!
Lugonu accepts your kill.
You barely miss the ball python.
You bite the ball python, but do no damage.
The ball python barely misses you. The ball python grabs you.
The ball python constricts you.
You barely miss the ball python. The ball python bites you.
The ball python constricts you.
You barely miss the ball python. The ball python misses you.
The ball python constricts you. The kobold barely misses you.
The gnoll closely misses you. The ball python bites you.
* * * LOW HITPOINT WARNING * * *
The ball python constricts you.
You escape the ball python's grasp.
The kobold throws a stone.
The stone barely misses you.
The kobold throws a stone.
The stone barely misses you.
The kobold throws a stone.
The stone hits you.
* * * LOW HITPOINT WARNING * * *
You see here a +0 club.
There is an open door here.
There is a staircase leading out of the dungeon here.
Are you sure you want to leave the Dungeon?
This will make you lose the game!
You have escaped!

#..............
#########........######
#....K.........S.#
#................#
#................#
#....###...#######
######...##.##.(#
#........#...#..#
#..).....'.@.g..############
#........#...#.S............
#....K.SS##.##)...##########
#.........###...#.### #
#...........S......... ..
#..........K....#.#### ###
#...............#.#
#........######....
#........# #####. .


You could see a gnoll, a ball python and a kobold (wandering).

Vanquished Creatures
  A ball python (D:1)
  A bat (D:1)
  A kobold (D:1)
3 creatures vanquished.

Notes
Turn   | Place    | Note
-------+----------+-------------------------------------------
     0 | D:1      | Orangeyouglad the Vampire Enchanter began the quest for the
                  | Orb.
     0 | D:1      | Reached XP level 1. HP: 13/13 MP: 3/3
   138 | D:1      | Found a faded altar of an unknown god.
   146 | D:1      | Prayed at the altar of an unknown god.
   146 | D:1      | Became a worshipper of Lugonu the Unformed
   146 | D:1      | Reached * piety under Lugonu
   146 | D:1      | Reached ** piety under Lugonu
   212 | D:$      | Safely got out of the dungeon.

Illustrated notes

Levels and vault maps discovered:
D:1:      dpeg_arrival_shelter, layout_rooms, nicolae_ecumenical_snake_handling

Action                   || total
-------------------------++-------
Melee: Dagger            ||    12
       Bite              ||     2
Invok: Bend Space        ||     1
Armor: Robe              ||     8
Dodge: Dodged            ||    39

Table legend: (Time is in decaauts)
 A = Elapsed time spent in this place.
 B = Non-inter-level travel time spent in this place.
 C = Inter-level travel time spent in this place.
 D = Time resting spent in this place.
 E = Time spent auto-exploring this place.
 F = Levels seen in this place.
 G = Mean time per level.
                   A        B        C        D        E       F      G
               +--------+--------+--------+--------+--------+-----+--------+
         Total |    211 |    211 |      0 |      0 |     73 |   1 |  211.0 |
       Dungeon |    211 |    211 |      0 |      0 |     73 |   1 |  211.0 |
               +--------+--------+--------+--------+--------+-----+--------+

Top non-repeatable levels by time:
     D:1: 211 daAuts
